 Dungeon Crawl Stone Soup version 0.31-a0-949-g57150269e1 (webtiles) character file.

Game seed: 16990300915193719386

370 Fodor the Covered (level 6, -3/53 HPs)
             Began as a Minotaur Fighter on Oct 21, 2023.
             Shot with an arrow by a centaur (13 damage)
             ... while paralysed by a centaur
             ... on level 5 of the Dungeon.
             The game lasted 00:17:12 (3223 turns).

Fodor the Covered (Minotaur Fighter)                Turns: 3223, Time: 00:17:13

Health: -3/53      AC:  7    Str: 23    XL:     6   Next: 42%
Magic:  5/5        EV:  2    Int:  5    God:
Gold:   171        SH:  0    Dex:  9    Spells: 5/5 levels left

rFire   . . .        q - +0 halberd
rCold   . . .        (shield currently unavailable)
rNeg    . . .        b - +0 scale mail
rPois   .            (helmet currently unavailable)
rElec   .            (cloak currently unavailable)
rCorr   .            (gloves currently unavailable)
SInv    .            (boots currently unavailable)
Will    .....        (no amulet) Stlth
                     (no ring)
HPRegen 0.28/turn    (no ring)
MPRegen 0.09/turn

%: no passive effects
@: paralysed, beast-form
A: beast (slay +1), horns 2, retaliatory headbutt
a: Begin Untransformation


You were on level 5 of the Dungeon.
You were a hulking beast.
You visited 1 branch of the dungeon, and saw 5 of its levels.

You collected 171 gold pieces.

Inventory:

Hand Weapons
 a - a +0 long sword
 q - a +0 halberd (weapon)
Missiles
 l - 4 boomerangs (quivered)
 u - 5 javelins
Armour
 b - a +0 scale mail (worn)
 c - a +0 buckler
 n - a +0 pair of boots
Jewellery
 j - a ring of protection from fire
 m - a +6 ring of intelligence
Talismans
 f - a blade talisman
 g - a beast talisman (active)
Scrolls
 e - 2 scrolls of amnesia {unknown}
 h - a scroll of enchant weapon {unknown}
 i - 3 scrolls of fear {unknown}
 k - a scroll of blinking {unknown}
 o - a scroll of identify {unknown}
 s - 3 scrolls of fog {unknown}
 t - a scroll of immolation {unknown}
Potions
 d - a potion of might
 p - a potion of heal wounds {unknown}
 r - 2 potions of lignification {unknown}
 v - a potion of brilliance {unknown}


   Skills:
 + Level 4.4 Fighting
 + Level 4.5 Long Blades
 + Level 1.3 Polearms
 + Level 5.4 Armour
 + Level 1.2 Dodging
 + Level 0.6 Stealth
 + Level 4.2 Shields
 + Level 1.8 Shapeshifting


You had 5 spell levels left.
You didn't know any spells.
Your spell library was empty.

Dungeon Overview and Level Annotations

Branches:
Dungeon (5/15)
 Temple: D:4-7

Altars:
Cheibriados
Okawaru

Shops:
D:1 *


Innate Abilities, Weirdness & Mutations

You are a hulking beast.
Your limbs bulge with bestial killing power. (Slay +1)
You have a pair of horns on your head.
You reflexively headbutt those who attack you in melee.


Message History

You throw a boomerang. The centaur shouts!
The boomerang hits the centaur and shatters for extra damage!
The centaur is heavily wounded.
The centaur wields a +0 orcbow.
The centaur shoots an arrow.
The arrow hits you.
The centaur zaps a wand.
You suddenly lose the ability to move!
The centaur shoots an arrow.
The arrow hits you.
The centaur zaps a wand.
You resist with some effort.
The centaur shoots an arrow.
The arrow hits you.
You can move again.
Unknown command.
Throw: 4 boomerangs
Press: ? - help, Q - select action, (/) - cycle Shift-Dir - straight line, f/p - centaur
Aim: a centaur, wielding a +0 orcbow and carrying a wand of paralysis (moderately wounded, 67% to hit)
You throw a boomerang.
The boomerang barely misses the centaur.
The centaur zaps a wand.
You resist with some effort.
The centaur shoots an arrow.
The arrow hits you!
Throw: 4 boomerangs
Press: ? - help, Q - select action, (/) - cycle Shift-Dir - straight line, f/p - centaur
Aim: a centaur, wielding a +0 orcbow and carrying a wand of paralysis (moderately wounded, 67% to hit)
You throw a boomerang.
The boomerang hits the centaur but does no damage.
The centaur is moderately wounded.
The centaur shoots an arrow.
The arrow hits you.
The centaur shoots an arrow.
The arrow hits you!
Throw: 4 boomerangs
Press: ? - help, Q - select action, (/) - cycle Shift-Dir - straight line, f/p - centaur
Aim: a centaur, wielding a +0 orcbow and carrying a wand of paralysis (moderately wounded, 67% to hit)
You throw a boomerang. The boomerang hits the centaur.
The centaur is heavily wounded.
The centaur zaps a wand.
You suddenly lose the ability to move!
The centaur shoots an arrow.
The arrow barely misses you.
The centaur shoots an arrow.
The arrow hits you!
* * * LOW HITPOINT WARNING * * *
The centaur shoots an arrow.
The arrow hits you.
* * * LOW HITPOINT WARNING * * *
The centaur shoots an arrow.
The arrow hits you!
You die...

c# #........
..# #........
..###.......
...#.[...#
..####c...#.#
...........###
##.....#...#
#..h....##.#
#...###..#.###
#....###
##)).<.###
#...#
##......# ####
####.#...#
.....# ##...#
...# ..#


You could see a centaur.

Vanquished Creatures
  A hound (D:4)
  A gnoll bouda (D:5)
  An iguana (D:4)
  An orc wizard (D:3)
  Robin (D:2)
  8 gnolls
  6 adders
  3 worms
  2 dart slugs
  5 orcs
  7 ball pythons
  5 bats
  6 endoplasms
  3 giant cockroaches
  11 hobgoblins
  6 jackals
  9 kobolds
  4 quokkas
  2 frilled lizards
  17 goblins
  8 rats
107 creatures vanquished.

Notes
Turn   | Place    | Note
-------+----------+-------------------------------------------
     0 | D:1      | Fodor the Minotaur Fighter began the quest for the Orb.
     0 | D:1      | Reached XP level 1. HP: 19/19 MP: 0/0
    37 | D:1      | Found Eses's Assorted Antiques.
   280 | D:1      | Reached XP level 2. HP: 27/27 MP: 1/1
   419 | D:1      | Reached skill level 4 in Armour
   939 | D:1      | Reached XP level 3. HP: 33/33 MP: 2/2
  1347 | D:2      | Noticed Robin
  1358 | D:2      | Reached XP level 4. HP: 40/40 MP: 3/3
  1376 | D:2      | Killed Robin
  1674 | D:3      | Reached skill level 1 in Shapeshifting
  1674 | D:3      | Reached XP level 5. HP: 40/46 MP: 4/4
  1762 | D:3      | Found an iron altar of Okawaru.
  1768 | D:3      | Reached skill level 1 in Dodging
  2178 | D:3      | Reached skill level 5 in Armour
  2592 | D:4      | Found a snail-covered altar of Cheibriados.
  2645 | D:4      | Reached XP level 6. HP: 42/52 MP: 5/5
  3030 | D:5      | Entered Level 5 of the Dungeon
  3054 | D:5      | Reached skill level 1 in Polearms
  3215 | D:5      | Paralysed by a centaur for 3 turns
  3220 | D:5      | Paralysed by a centaur for 5 turns
  3223 | D:5      | Shot with an arrow by a centaur

Illustrated notes

Levels and vault maps discovered:
D:1:      ncdulo_smallfort, layout_loops_corners, serial_shops, shop
D:2:      layout_rooms, uniq_robin
D:3:      layout_loops_cross, mainiacjoe_overflow_tiny_flanked,
          kennysheep_another_room
D:4:      layout_basic, chei_slow_surprise
D:5:      layout_rooms

Skill      XL: |  1  2  3  4  5  6 |
---------------+-------------------+-----
Armour         | 4 5 |  5.4
Shields        | 4 |  4.2
Long Blades    | 3 4 |  4.5
Shapeshifting  | 1 |  1.8
Fighting       | 4 |  4.4
Dodging        | 1 |  1.2
Polearms       | 1 |  1.3
Stealth        | |  0.6

Action                     |  1- 3 |  4- 6 || total
---------------------------+-------+-------++-------
  Melee: Long sword        |    82 |    82 ||   164
         Headbutt          |    13 |    30 ||    43
         Halberd           |       |    56 ||    56
  Throw: Boomerang         |       |     4 ||     4
    Use: Potion            |       |     4 ||     4
 Armour: Scale mail        |    83 |   152 ||   235
  Dodge: Dodged            |    62 |   105 ||   167
  Block: Buckler           |    22 |    22 ||    44
   Form: Beast             |     1 |       ||     1

Table legend: (Time is in decaauts)
 A = Elapsed time spent in this place.
 B = Non-inter-level travel time spent in this place.
 C = Inter-level travel time spent in this place.
 D = Time resting spent in this place.
 E = Time spent auto-exploring this place.
 F = Levels seen in this place.
 G = Mean time per level.
                   A        B        C        D        E       F      G
               +--------+--------+--------+--------+--------+-----+--------+
         Total |   3293 |   3114 |    179 |    302 |      0 |   5 |  658.6 |
       Dungeon |   3293 |   3114 |    179 |    302 |      0 |   5 |  658.6 |
               +--------+--------+--------+--------+--------+-----+--------+

Top non-repeatable levels by time:
     D:1: 1060 daAuts
     D:3: 788 daAuts
     D:4: 689 daAuts
     D:2: 554 daAuts
     D:5: 200 daAuts
